Map: Dragon Scales LE

Players

winzboy

  • Race: Protoss Protoss
  • League: Gold
  • Spawn Location: 11:00

ganfanren - Winner!

  • Race: Terran Terran
  • League: Silver
  • Spawn Location: 5:00

VOD

Have the link to the VOD?

Description

Time

  • Played on: May 23, 2023, 1:35 a.m.
  • Length: 4:24
Show
View Real Time Build Order
Export as new Build Order

winzboy Protoss 

Build Orders: 1 Gate Expand 

Get SALT Encoding   

  12  0:01  Probe  
  13  0:18  Probe (Chrono Boost)  
  14  0:25  Pylon  
  14  0:30  Probe (Chrono Boost)  
  15  0:45  Probe  
  15  0:47  Gateway  
  15  0:49  Assimilator  
  16  0:57  Probe  
  17  1:10  Probe  
  18  1:22  Probe  
  19  1:34  Nexus  
  19  1:37  Probe  
  20  1:47  Cybernetics Core  
  20  1:50  Probe  
  21  1:55  Assimilator  
  21  2:02  Probe  
  22  2:13  Pylon  
  22  2:27  Probe  
  23  2:30  Warp Gate (Chrono Boost)  
  23  2:39  Probe (Chrono Boost)  
  23  2:42  Stalker  
  26  2:49  Probe x2 (Chrono Boost)  
  28  2:58  Probe (Chrono Boost)  
  29  3:05  Probe, Robotics Facility  
  29  3:09  Probe  
  31  3:21  Pylon  
  31  3:36  Probe  
  31  3:37  Probe  
  33  3:44  Gateway  
  33  3:49  Probe x2  
  33  3:53  Gateway  
  35  4:01  Probe x2  
Show
View Real Time Build Order
Export as new Build Order

ganfanren Terran - Winner!

Build Orders:  

Get SALT Encoding   

  12  0:17  Supply Depot  
  12  0:30  SCV  
  13  0:42  SCV  
  14  0:51  Barracks  
  14  0:54  SCV  
  15  1:02  Refinery  
  15  1:06  SCV  
  16  1:18  SCV  
  17  1:30  SCV  
  18  1:39  Supply Depot  
  18  1:41  Barracks  
  18  1:42  SCV  
  19  1:55  SCV  
  19  1:59  Refinery  
  20  2:07  SCV  
  20  2:19  SCV  
  21  2:27  Reaper  
  22  2:33  Barracks  
  22  2:34  Reaper  
  23  2:55  Command Center  
  23  2:56  SCV  
  24  2:59  Reaper  
  25  3:08  SCV  
  26  3:18  Reaper  
  27  3:20  SCV  
  27  3:22  Supply Depot  
  27  3:25  Reaper  
  29  3:31  Reaper  
  30  3:50  Reaper  
  30  3:51  Factory  
  30  3:52  SCV  
  30  3:54  Supply Depot  
  33  4:04  SCV  
Tags
 
Add a new tag
Caveats
  • Supply blocks, unpowered buildings, or Contaminate may cause inaccurate times.
  • Supply counts are checked every 10 seconds.